 Dungeon Crawl Stone Soup version 0.29-a0-577-gafbf2c5d25 (webtiles) character file.

Game seed: 11954510352854638507

128 kae the Firebug (level 4, 0/25 HPs)
             Began as a Deep Elf Fire Elementalist on June 13, 2022.
             Slain by a river rat (6 damage)
             ... on level 4 of the Dungeon.
             The game lasted 00:02:29 (2721 turns).

kae the Firebug (Deep Elf Fire Elementalist)        Turns: 2721, Time: 00:02:29

Health: 0/25       AC:  3    Str:  5    XL:     4   Next: 87%
Magic:  9/11       EV: 13    Int: 22    God:
Gold:   216        SH:  0    Dex: 15    Spells: 4/10 levels left

rFire   . . .      SeeInvis .   p - +0 falchion
rCold   . . .      Faith    .   (no shield)
rNeg    . . .      Spirit   .   a - +1 robe
rPois   .          Reflect  .   (no helmet)
rElec   .          Harm     .   (no cloak)
rCorr   .          Rampage  .   (no gloves)
Will    .....                   (no boots)
Stlth   +.........              (no amulet)
HPRegen 0.08/turn               (no ring)
MPRegen 0.12/turn               (no ring)

@: on berserk cooldown, slowed, very slow
A: no striking features
a: no special abilities


You were on level 4 of the Dungeon.
You visited 1 branch of the dungeon, and saw 5 of its levels.

You collected 216 gold pieces.

Inventory:

Hand Weapons
 p - a +0 falchion (weapon)
Armour
 a - a +1 robe (worn)
Jewellery
 i - an amulet of faith
Scrolls
 c - 3 scrolls of identify
Potions
 b - 2 potions of magic
 d - a potion of lignification
 g - 2 potions of heal wounds
 j - a potion of degeneration
 l - a potion of brilliance {unknown}
 n - a potion of haste {unknown}
 o - 2 potions of attraction {unknown}


   Skills:
 + Level 1.1 Fighting
 + Level 3.0 Dodging
 - Level 2.4 Stealth
 + Level 3.8 Spellcasting
 * Level 2.9 Conjurations
 * Level 4.3 Fire Magic


You had 4 spell levels left.
You knew the following spells:

 Your Spells              Type           Power      Damage    Failure   Level
a - Foxfire               Conj/Fire      80%        2x1d8     2%          1
b - Scorch                Fire           46%        2d7       2%          2
c - Conjure Flame         Conj/Fire      20%        6-21      8%          3

Your spell library contained the following spells:

 Spells                   Type           Power      Damage    Failure   Level
 Inner Flame              Hex/Fire       13%        N/A       14%         3
 Flame Wave               Conj/Fire      20%        2d7       26%         4


Dungeon Overview and Level Annotations

Branches:
Dungeon (5/15)
 Temple: D:4-7

Altars:
Ashenzari
Gozag

Portals:
Sewer: D:4


Message History

The river rat is almost dead.
The river rat is engulfed in a cloud of scalding steam.
You kill the river rat!
Casting: Foxfire (safe; 2% risk of failure)
Confirm with . or Enter, or press ? or * to list all spells.
You conjure some foxfire!
Your foxfire dissipates!
You enter the shallow water.
Moving in this stuff is going to be slow.
You open the door.
A worm and a river rat come into view.
Found a glowing drain.
Casting: Foxfire (safe; 2% risk of failure)
Confirm with . or Enter, or press ? or * to list all spells.
You conjure some foxfire!
You hear the slow rusting of a drain.
The foxfire hits the worm!
The worm is heavily wounded.
The foxfire hits the worm!
The worm is almost dead.
The river rat bites you!
* * * LOW HITPOINT WARNING * * *
Casting: Foxfire (safe; 2% risk of failure)
Confirm with . or Enter, or press ? or * to list all spells.
You conjure some foxfire!
The worm is engulfed in a cloud of scalding steam.
You kill the worm!
The river rat misses you.
The foxfire hits the river rat.
The river rat is moderately wounded.
The foxfire hits the river rat.
The river rat is almost dead.
The river rat barely misses you.
The river rat bites you but does no damage.
The river rat closely misses you.
Casting: Foxfire (safe; 2% risk of failure)
Confirm with . or Enter, or press ? or * to list all spells.
You conjure some foxfire!
The river rat closely misses you. The river rat bites you.
You die...

#$....#
#.....#
######.....#
#........†.#
#≈.........#
#≈.≈≈....###
#≈≈≈≈≈≈..#
####+≈v..#
#≈≈§#r@≈.#
#≈∩≈§v...#
#≈≈≈#≈.≈.#
### ######


You could see a river rat (ally target).

Vanquished Creatures
  An iguana (D:5)
  2 adders
  3 river rats (D:4)
  2 worms (D:4)
  2 dart slugs
  An orc (D:3)
  8 ball pythons
  6 endoplasms
  A goblin (D:1)
  2 hobgoblins (D:2)
  3 jackals (D:1)
  3 quokkas (D:2)
  4 bats
  3 kobolds
  7 rats
48 creatures vanquished.

Vanquished Creatures (collateral kills)
  8 foxfires (D:2)
8 creatures vanquished.

Vanquished Creatures (others)
  130 foxfires
  11 plants (D:2)
  4 toadstools (D:1)
145 creatures vanquished.

Grand Total: 201 creatures vanquished

Notes
Turn   | Place    | Note
-------+----------+-------------------------------------------
     0 | D:1      | kae the Deep Elf Fire Elementalist began the quest for the
                  | Orb.
     0 | D:1      | Reached XP level 1. HP: 10/10 MP: 6/6
    90 | D:1      | Found a faded altar of an unknown god.
   214 | D:1      | Reached XP level 2. HP: 9/15 MP: 4/8
   796 | D:1      | Learned a level 2 spell: Scorch
  1026 | D:2      | Found an opulent altar of Gozag.
  1048 | D:2      | Reached XP level 3. HP: 16/20 MP: 6/9
  1052 | D:2      | Learned a level 3 spell: Conjure Flame
  2370 | D:3      | Reached skill level 4 in Fire Magic
  2548 | D:3      | You fall into a shaft and drop 2 floors!
  2548 | D:5      | Entered Level 5 of the Dungeon
  2565 | D:5      | Found a broken altar of Ashenzari.
  2574 | D:5      | Reached XP level 4. HP: 24/24 MP: 2/11
  2692 | D:4      | Reached skill level 1 in Fighting
  2715 | D:4      | Found a glowing drain.
  2721 | D:4      | Slain by a river rat

Illustrated notes

Levels and vault maps discovered:
D:1:      ldierk_walled_garden_2, layout_rooms,
          dreamdust_ecumenical_altar_statues
D:2:      layout_loops_corners, basic_altar, serial_bayou_lake_a
D:3:      layout_loops_cross, amethyst_killhole, bh_walls_and_bars
D:4:      layout_gridville, portal_sewer_entry_e
D:5:      layout_gridville, nicolae_overflow_crystal_walls

Skill      XL: |  1  2  3  4 |
---------------+-------------+-----
Conjurations   | 2 |  2.9
Fire Magic     | 4 |  4.3
Dodging        | 3 |  3.0
Fighting       | 1 |  1.1
Stealth        | |  2.4
Spellcasting   | |  3.8

Action                   |  1- 3 |  4- 6 || total
-------------------------+-------+-------++-------
Melee: Falchion          |       |    14 ||    14
 Cast: Foxfire           |    73 |     6 ||    79
       Scorch            |    13 |       ||    13
       Conjure Flame     |     1 |       ||     1
  Use: Scroll            |     2 |     6 ||     8
       Potion            |       |     1 ||     1
Armor: Robe              |     1 |     5 ||     6
Dodge: Dodged            |    11 |    11 ||    22

Table legend: (Time is in decaauts)
 A = Elapsed time spent in this place.
 B = Non-inter-level travel time spent in this place.
 C = Inter-level travel time spent in this place.
 D = Time resting spent in this place.
 E = Time spent auto-exploring this place.
 F = Levels seen in this place.
 G = Mean time per level.
                   A        B        C        D        E       F      G
               +--------+--------+--------+--------+--------+-----+--------+
         Total |   2765 |   2689 |     76 |    128 |   2192 |   5 |  553.0 |
       Dungeon |   2765 |   2689 |     76 |    128 |   2192 |   5 |  553.0 |
               +--------+--------+--------+--------+--------+-----+--------+

Top non-repeatable levels by time:
     D:2: 1406 daAuts
     D:1: 934 daAuts
     D:3: 242 daAuts
     D:5: 124 daAuts
     D:4: 58 daAuts
